AoeStats
← Un gatito que le gusta el manbo

Oasis

507165915Analyzed
4v4 RM · 15d ago on Sep 16, 2026· 17m 47s· 8 players
Game mode
Random Map
Map size
Large (8 player)
Population
200
Speed
Normal
Resources
Standard
Victory
Conquest
Starting age
Dark Age
Ending age
Imperial Age
RankedLock teamsTeams togetherTeam positionsShared explorationLock speedFull tech treeHidden civsTurbo modeCheats
Victory
Defeat
🇨🇱 Armenians · Chile
1605
+11
🇨🇱 Khitans · Chile
1585
+11
🇦🇷 Ethiopians · Argentina
1580
+12
1329
+21
🇺🇸 Koreans · United States
1508
-15
🇺🇸 Lithuanians · United States
1481
-14
🇺🇸 Italians · United States
1467
-13
🇺🇸 Persians · United States
1458
-13
nalgene
10:07 Feudal Age
9:46 Loom
14:08 Castle Age
12:03 Double-Bit Axe
13:42 Scale Barding Armor
13:29 Horse Collar
Slowthinker
6:49 Loom
9:20 Feudal Age
9:47 Double-Bit Axe
Yukasha
9:57 Feudal Age
14:12 Castle Age
14:15 Double-Bit Axe
14:11 Horse Collar
14:19 Loom
GorillaBear
5:45 Loom
9:16 Feudal Age
9:54 Double-Bit Axe
[CL] Dubstepyzed
6:20 Loom
8:58 Feudal Age
9:16 Man-at-Arms
14:21 Double-Bit Axe
16:01 Fletching
18:28 Wheelbarrow
[CL] Libertaria
8:45 Feudal Age
8:34 Loom
9:18 Double-Bit Axe
13:09 Forging
13:47 Domestication
17:08 Scale Barding Armor
[CL] el mago del semen
7:04 Loom
9:13 Feudal Age
9:18 Man-at-Arms
11:44 Double-Bit Axe
18:28 Wheelbarrow
Un gatito que le gusta el manbo
6:34 Loom
8:58 Feudal Age
12:15 Double-Bit Axe
20:23 Castle Age
Connection lost

Rejoining the realm…

Still unreachable

The connection could not be restored.

Session expired

The server has moved on; the page needs a fresh start.